 Dungeon Crawl Stone Soup version 0.25-a0-614-g73ad250637 (webtiles) character file.

Game seed: 1336921721706266607, levelgen mode: deterministic

160 n0claF the Slasher (level 5, 0/53 HPs)
             Began as a Troll Fighter on Mar 17, 2020.
             Slain by a kobold (2 damage)
             ... on level 3 of the Dungeon.
             The game lasted 00:03:07 (1873 turns).

n0claF the Slasher (Troll Fighter)                  Turns: 1873, Time: 00:03:08

Health: 0/53       AC:  6    Str: 25    XL:     5   Next: 17%
Magic:  4/4        EV:  8    Int:  4    God:
Gold:   182        SH:  8    Dex:  9    Spells: 4/4 levels left

rFire    . . .     SeeInvis .   a - +0 long sword
rCold    . . .     Gourm    +   c - +0 kite shield
rNeg     . . .     Faith    .   b - +0 robe
rPois    .         Spirit   .   (helmet restricted)
rElec    .         Reflect  .   (no cloak)
rCorr    .         Harm     .   (gloves unavailable)
MR       .....                  (boots unavailable)
Stlth    +.........             (no amulet)
HPRegen  0.57/turn              (no ring)
MPRegen  0.09/turn              (no ring)

@: no status effects
A: large, unfitting armour, claws 3, fast metabolism 3, gourmand, regeneration
1, shaggy fur 1, tough skin 3
a: no special abilities


You were on level 3 of the Dungeon.
You were very full.

You visited 1 branch of the dungeon, and saw 3 of its levels.

You collected 182 gold pieces.

Inventory:

Hand Weapons
 a - a +0 long sword (weapon)
Armour
 b - a +0 robe (worn)
 c - a +0 kite shield (worn)
Jewellery
 o - an uncursed amulet of magic regeneration {unknown}
   (You found it on level 2 of the Dungeon)
Scrolls
 f - 3 scrolls of identify {unknown}
 i - 3 scrolls of enchant armour {unknown}
 j - 2 scrolls of amnesia {unknown}
 l - a scroll of teleportation {unknown}
 n - 2 scrolls of remove curse {unknown}
 q - a scroll of magic mapping {unknown}
 r - a scroll of noise {unknown}
Potions
 d - 3 potions of might
 g - 2 potions of curing {unknown}
 h - a potion of degeneration {unknown}
 k - a potion of brilliance {unknown}
 m - a potion of stabbing {unknown}
Comestibles
 e - 6 rations {!d}
 p - 2 chunks of flesh


   Skills:
 + Level 3.2 Fighting
 * Level 3.3 Long Blades
 + Level 3.1 Dodging
 - Level 2.4 Shields


You had 4 spell levels left.
You didn't know any spells.
Your spell library was empty.

Dungeon Overview and Level Annotations

Branches:
Dungeon (3/15)

Altars:
Sif Muna
Vehumet

Annotations:
D:3 2 runed translucent doors, StormphoenixUK's ghost, amateur DrCj


Innate Abilities, Weirdness & Mutations

You are too large for most types of armour.
You have claws for hands.
Your metabolism is lightning-fast.
You like to eat raw meat.
Your natural rate of healing is unusually fast.
You are covered in fur. (AC +1)
You have extremely tough skin. (AC +3)


Message History

A kobold comes into view.
The orc closely misses you.
You barely miss the orc.
The orc priest hits you but does no damage.
The orc closely misses you. The orc priest barely misses you.
You closely miss the orc.
The kobold shouts!
The hobgoblin shouts!
The orc hits you with a +0 whip.
The orc priest hits you from afar with a cursed -3 trident.
The orc hits you but does no damage.
You closely miss the orc. You block the orc priest's attack.
The orc barely misses you.
You slash the orc!
You kill the orc!
The orc priest hits you but does no damage.
The orc priest barely misses you.
You riposte.
You hit the orc priest.
The orc priest mumbles some strange prayers to Beogh against you.
Beogh smites you!
You see here a +0 whip.
You closely miss the orc priest.
The orc priest begins to cast a cantrip, but forgets the words!
You hit the orc priest.
The orc priest calls upon Beogh to heal the orc priest.
The orc priest is healed somewhat.
The orc priest closely misses you.
You riposte.
You closely miss the orc priest. You slash the orc priest!
You block the orc priest's attack.
The orc priest mumbles some strange prayers to Beogh against you.
Pain shoots through your body!
You completely miss the orc priest.
The orc priest hits you with a cursed -3 trident.
* * * LOW HITPOINT WARNING * * *
You are too injured to fight recklessly!
You hit the orc priest.
You kill the orc priest!
You closely miss the orc priest.
The orc priest hits you but does no damage.
You block the orc priest's attack.
You hit the orc priest.
The orc priest hits you with a +0 morningstar!
* * * LOW HITPOINT WARNING * * *
You hit the orc priest.
The orc priest hits you with a +0 morningstar!
* * * LOW HITPOINT WARNING * * *
A rat comes into view.
You slash the orc priest!
You kill the orc priest!
You have reached level 5!
You block the kobold's attack.
You closely miss the kobold. The kobold hits you.
You die...

#.# ... #.# ..# #.# ###r#
#.# ..#.# #.# #.#.# #.#
#.#g# #.# #.#K#
##########.###.#@######.#
.....[.................>#
##############...########
#.### #.# #.# # #.# # #.#
# ..#


You could see a hobgoblin, a kobold and a rat.

Vanquished Creatures
  2 orc priests (D:3)
  4 adders
  An ooze (D:3)
  2 worms (D:2)
  A dart slug (D:3)
  2 leopard geckos
  An orc (D:3)
  4 bats
  6 giant cockroaches
  8 hobgoblins
  3 frilled lizards
  6 goblins
  6 kobolds
  7 rats
53 creatures vanquished.

Notes
Turn   | Place    | Note
-------+----------+-------------------------------------------
     0 | D:1      | n0claF the Troll Fighter began the quest for the Orb.
     0 | D:1      | Reached XP level 1. HP: 22/22 MP: 0/0
   227 | D:1      | Reached XP level 2. HP: 29/29 MP: 1/1
   543 | D:2      | Reached XP level 3. HP: 36/36 MP: 2/2
   953 | D:2      | Reached XP level 4. HP: 33/44 MP: 3/3
  1228 | D:2      | Found a radiant altar of Vehumet.
  1228 | D:2      | Found a shimmering blue altar of Sif Muna.
  1786 | D:3      | Found a large runed translucent door.
  1786 | D:3      | Found a large runed translucent door.
  1787 | D:3      | Noticed StormphoenixUK's ghost (amateur DrCj)
  1871 | D:3      | HP: 1/45 [orc priest/+0 morningstar (10)]
  1872 | D:3      | Reached XP level 5. HP: 1/53 MP: 4/4
  1873 | D:3      | Slain by a kobold

Levels and vault maps discovered:
D:1:      lemuel_arrival_funnel, layout_basic, ebering_dispersal_statue_hall
D:2:      layout_loops_ring, gammafunk_temple_overflow_wave, st_stairs_1,
          chequers_big_river
D:3:      layout_basic, ebering_ghost_disaster_area

Skill      XL: |  1  2  3  4 |
---------------+-------------+-----
Long Blades    | 2 3 |  3.3
Fighting       | 3 |  3.2
Dodging        | 3 |  3.1
Shields        | |  2.4

Action                   |  1- 3 |  4- 6 || total
-------------------------+-------+-------++-------
Melee: Long sword        |   157 |    45 ||   202
  Eat: Chunk             |    15 |     8 ||    23
Armor: Robe              |    81 |    14 ||    95
Dodge: Dodged            |    65 |    19 ||    84
Block: Kite shield       |    83 |    11 ||    94
       Rpst.: Long sword |    19 |     9 ||    28

Table legend:
 A = Non-vault XP
 B = Vault XP
 C = Vault XP percentage of total XP
 D = Non-vault monster count
 E = Vault monster count
 F = Vault count percentage of total count
                 A         B        C        D         E       F
            +---------+---------+-------+---------+---------+-------
      Total |     214 |      15 |   6.6 |      51 |       2 |   3.8
            +---------+---------+-------+---------+---------+-------
        D:1 |      36 |       0 |   0.0 |      23 |       0 |   0.0
        D:2 |      62 |      15 |  19.5 |      18 |       2 |  10.0
        D:3 |     116 |       0 |   0.0 |      10 |       0 |   0.0
            +---------+---------+-------+---------+---------+-------
